 Dungeon Crawl Stone Soup version 0.29.1-13-g9f3cf754e1 (webtiles) character file.

Game seed: 16293254300547810283

1874 shadowmeld the Thaumaturge (level 9, -5/62 HPs)
             Began as a Djinni Hedge Wizard on Feb 7, 2023.
             Was a Follower of the Shining One.
             Slain by a vampire mosquito (7 damage)
             ... on level 6 of the Dungeon.
             The game lasted 00:28:32 (7439 turns).

shadowmeld the Thaumaturge (Djinni Hedge Wizard)    Turns: 7439, Time: 00:28:32

Health: -5/62      AC:  5    Str:  9    XL:     9   Next: 36%
Gold:   296        EV: 14    Int: 20    God:    the Shining One [*.....] SH:  5 Dex: 19

rFire   + + .      SeeInvis .   a - +0 dagger
rCold   x . .      Faith    .   (no shield)
rNeg    . . .      Spirit   .   b - +0 robe
rPois   ∞          Reflect  +   C - +0 helmet
rElec   .          Harm     .   v - +0 cloak
rCorr   .          Rampage  .   f - +0 pair of gloves
Will    .....                   (boots unavailable)
Stlth   +.........              r - amulet of reflection
HPRegen 0.20/turn               h - +6 ring of dexterity
MPRegen 0.00/turn               (no ring)

@: flying, glowing
A: sickness immunity, fire resistance 2, cold vulnerability 1, float, innate
caster, HP casting, extra vitality 1
a: Renounce Religion, Divine Shield


You were on level 6 of the Dungeon.
You worshipped the Shining One.
The Shining One was aware of your devotion.
You visited 2 branches of the dungeon, and saw 7 of its levels.

You collected 296 gold pieces.

Inventory:

Hand Weapons
 a - a +0 dagger (weapon)
Missiles
 y - a throwing net
Armour
 b - a +0 robe (worn)
 c - a +0 hat
 f - a +0 pair of gloves (worn)
 v - a +0 cloak (worn)
 B - the +8 plate armour of Hysteria {Str+5}
   (You found it on level 4 of the Dungeon)

   Str:       It affects your strength (+5).
 C - a +0 helmet (worn)
Jewellery
 h - a +6 ring of dexterity (left hand)
 r - an amulet of reflection (around neck)
 t - an amulet of the acrobat
Wands
 x - a wand of flame (22)
Scrolls
 d - 2 scrolls of magic mapping
 m - a scroll of poison
 q - a scroll of noise
 s - a scroll of blinking {unknown}
 u - 3 scrolls of summoning
 w - a scroll of silence {unknown}
 D - 2 scrolls of enchant armour {unknown}
 E - a scroll of immolation {unknown}
Potions
 e - 2 potions of invisibility {unknown}
 g - 2 potions of curing {unknown}
 i - 2 potions of lignification {unknown}
 j - a potion of might {unknown}
 k - a potion of degeneration {unknown}
 l - 3 potions of heal wounds {unknown}
 n - 3 potions of resistance {unknown}
 o - a potion of attraction {unknown}
 p - a potion of magic {unknown}
 z - 2 potions of cancellation {unknown}
 A - a potion of haste {unknown}


   Skills:
 * Level 3.6 Fighting
 * Level 4.5 Dodging
 - Level 1.5 Stealth
 + Level 0.3 Shields
 * Level 8.2 Spellcasting


You had 3 spell levels left.
You knew the following spells:

 Your Spells              Type           Power      Damage    Failure   Level
a - Magic Dart            Conj           100%       1d8       1%          1
b - Blink                 Tloc           82%        N/A       1%          2
c - Call Imp              Summ           41%        N/A       1%          2
d - Slow                  Hex            100%       N/A       1%          1
e - Conjure Flame         Conj/Fire      41%        6-21      1%          3
f - Mephitic Cloud        Conj/Pois/Air  41%        N/A       1%          3
g - Sandblast             Erth           82%        2d17      1%          1
h - Ensorcelled Hibernat  Hex/Ice        82%        N/A       1%          2
i - Static Discharge      Conj/Air       41%        3-9/arc   1%          2
j - Passage of Golubria   Tloc           41%        N/A       2%          4
Your spell library was empty.

Dungeon Overview and Level Annotations

Branches:
Dungeon (6/15)             Temple (1/1) D:4

Altars:
Cheibriados
Dithmenos
Elyvilon
Fedhas
Makhleb
Okawaru
Ru
Trog
Yredelemnul
Zin
The Shining One

Shops:
D:1 :


Innate Abilities, Weirdness & Mutations

You are immune to sickness and miasma.
You are immune to poison.
Your flesh is very heat resistant. (rF++)
You are vulnerable to cold. (rC-)
You float through the air rather than walking.
You learn spells naturally, not from books.
Your magical power is your life essence.
You have superior vitality. (+4 MHP)


Message History

The vampire mosquito moves out of view.
Casting: Magic Dart (safe; 1% risk of failure)
Confirm with . or Enter, or press ? or * to list all spells.
Aiming: Magic Dart (safe; 1% risk of failure)
Press: ? - help, Shift-Dir - straight line, f/p - iguana
Aim: an iguana (lightly wounded, 100% to hit)
The magic dart hits the iguana but does no damage.
The iguana is lightly wounded.
* * * LOW HITPOINT WARNING * * *
Casting: Magic Dart (safe; 1% risk of failure)
Confirm with . or Enter, or press ? or * to list all spells.
You don't know that spell.
You see here a centaur corpse.
An iguana is nearby!
Aiming: Sandblast (safe; 1% risk of failure)
Press: ? - help, Q - select action, (/) - cycle Shift-Dir - straight line, f/p - iguana
Aim: an iguana (lightly wounded, 87% to hit)
The blast of sand hits the iguana!
The iguana is almost dead.
* * * LOW HITPOINT WARNING * * *
Aiming: Sandblast (safe; 1% risk of failure)
Press: ? - help, Q - select action, (/) - cycle Shift-Dir - straight line, f/p - iguana
Aim: an iguana (almost dead, haloed, 89% to hit)
The blast of sand hits the iguana.
You kill the iguana!
* * * LOW HITPOINT WARNING * * *
You hear an angry buzzing noise.
The vampire mosquito bites you!
* * * LOW HITPOINT WARNING * * *
Aiming: Sandblast (safe; 1% risk of failure)
Press: ? - help, Q - select action, (/) - cycle Shift-Dir - straight line, f - vampire mosquito
Aim: a vampire mosquito (haloed, 80% to hit)
The blast of sand hits the vampire mosquito!
The vampire mosquito is moderately damaged.
* * * LOW HITPOINT WARNING * * *
The vampire mosquito closely misses you.
The vampire mosquito bites you.
* * * LOW HITPOINT WARNING * * *
The vampire mosquito bites you!
You die...

#.##>.#.## ##.##
#.###.#.# #.# #.# #.#.#
#.# #.###.#.# ##+##
#.......# ##...##
#####.### ##.....## #
##..# ##.......######
##...####.........##...
#....y@.'.........+....
##...####.........##.#.
##..# ##.......###.##
##.# ##.....## #.##
###.# ##...## #.# #...#
##'######.# #†###
#[##...#.## #.####
#.##...#... ###)...##
##........##


You could see a vampire mosquito.

Vanquished Creatures
  Menkaure (D:4)
  A water moccasin (D:6)
  A black bear (D:6)
  2 centaurs
  A phantom (D:6)
  2 necrophages
  2 bullfrogs (D:6)
  6 scorpions
  A howler monkey (D:6)
  5 hounds
  3 jellies
  An orc priest (D:3)
  4 iguanas
  2 orc wizards
  Robin (D:4)
  6 adders
  2 shadow imps (D:6)
  2 white imps
  4 ufetubi
  3 worms (D:2)
  3 dart slugs
  14 orcs
  7 ball pythons
  16 endoplasms
  4 giant cockroaches
  17 goblins
  10 hobgoblins
  2 jackals (D:1)
  6 kobolds
  3 quokkas
  6 bats
  8 frilled lizards
  4 rats
150 creatures vanquished.

Notes
Turn   | Place    | Note
-------+----------+-------------------------------------------
     0 | D:1      | shadowmeld the Djinni Hedge Wizard began the quest for the
                  | Orb.
     0 | D:1      | shadowmeld set off with the following spells memorised:
                  | Magic Dart, Blink, Call Imp, Slow, Conjure Flame, Mephitic
                  | Cloud.
     0 | D:1      | Reached XP level 1. HP: 15/15 MP: 0/0
   113 | D:1      | Found Fahicab's Book Shoppe.
   174 | D:1      | Reached XP level 2. HP: 7/21 MP: 0/0
   639 | D:1      | Reached skill level 3 in Spellcasting
   811 | D:1      | Reached XP level 3. HP: 22/26 MP: 0/0
   811 | D:1      | Learned a level 1 spell: Sandblast
  1235 | D:1      | Found a faded altar of an unknown god.
  1805 | D:2      | Reached XP level 4. HP: 30/31 MP: 0/0
  2227 | D:2      | Reached skill level 1 in Fighting
  2393 | D:2      | Reached XP level 5. HP: 31/37 MP: 0/0
  2393 | D:2      | Learned a level 2 spell: Ensorcelled Hibernation
  2939 | D:3      | Reached skill level 4 in Spellcasting
  3357 | D:3      | Reached XP level 6. HP: 40/42 MP: 0/0
  3513 | D:4      | Noticed Robin
  3950 | D:4      | Found a staircase to the Ecumenical Temple.
  3972 | Temple   | Entered the Ecumenical Temple
  4499 | Temple   | Became a worshipper of the Shining One
  4561 | D:4      | Found an iron altar of Okawaru.
  4618 | D:4      | Identified the +8 plate armour of Hysteria {Str+5}
  4652 | D:4      | Noticed Menkaure
  4661 | D:4      | Killed Menkaure
  4662 | D:4      | Reached skill level 5 in Spellcasting
  4662 | D:4      | Reached XP level 7. HP: 18/48 MP: 0/0
  4662 | D:4      | Learned a level 2 spell: Static Discharge
  4822 | D:4      | Killed Robin
  5170 | D:4      | Found a glowing silver altar of Zin.
  5453 | D:5      | Entered Level 5 of the Dungeon
  5727 | D:5      | Reached skill level 6 in Spellcasting
  5727 | D:5      | Reached XP level 8. HP: 38/54 MP: 0/0
  6457 | D:6      | Reached skill level 7 in Spellcasting
  6580 | D:6      | Reached * piety under the Shining One
  6926 | D:6      | Reached XP level 9. HP: 50/59 MP: 0/0
  6926 | D:6      | Learned a level 4 spell: Passage of Golubria
  7382 | D:6      | Reached skill level 8 in Spellcasting
  7439 | D:6      | HP: 2/62 [vampire mosquito (6)]
  7439 | D:6      | Slain by a vampire mosquito

Illustrated notes

Levels and vault maps discovered:
D:1:      lightli_arrival_isolated_outpost, layout_basic, serial_shops,
          nicolae_shop_advertising_works [nicolae_subvault_shop_adworks],
          dilly_ecumenical_altar_fadedgnrine
D:2:      layout_loops_ring, grunt_ministairs_12, hangedman_decor_growths,
          hangedman_feature_mirror, hangedman_decor_push
D:3:      layout_basic, st_stairs_2
D:4:      layout_basic, okawaru_metal_pillars_3, mainiacjoe_overflow_alcove_4,
          minmay_temple_entry_offerings, grunt_ministairs_13, uniq_robin,
          uniq_menkaure
D:5:      nicolae_cairo_tiling_large_dashed, layout_gridville,
          minmay_increasing_density
D:6:      layout_loops_corners, minmay_divided_ellipse
Temple:   chequers_temple_sunken

Skill      XL: |  1  2  3  4  5  6  7  8  9 |
---------------+----------------------------+-----
Spellcasting   | 3 4 5 6 7 8 |  8.2
Fighting       | 1 2 3 |  3.6
Dodging        | 3 4 |  4.5
Stealth        | |  1.5
Shields        | |  0.3

Action                   |  1- 3 |  4- 6 |  7- 9 || total
-------------------------+-------+-------+-------++-------
Melee: Dagger            |       |       |     1 ||     1
 Cast: Magic Dart        |    71 |    68 |    47 ||   186
       Sandblast         |    17 |    64 |   100 ||   181
       Mephitic Cloud    |       |     1 |       ||     1
  Use: Scroll            |       |     5 |     3 ||     8
Armor: Robe              |     1 |    12 |     8 ||    21
Dodge: Dodged            |     4 |    15 |    31 ||    50
Block: Other             |       |     4 |    11 ||    15
       Reflection        |       |       |     1 ||     1
